 Dungeon Crawl Stone Soup version 0.19.0-2-gae57169 (webtiles) character file.

56 Crocosaw the Shield-Bearer (level 3, -1/20 HPs)
             Began as a Vine Stalker Fighter on Nov 7, 2016.
             Was a Follower of Nemelex Xobeh.
             Slain by Brom's ghost (2 damage)
             ... on level 3 of the Dungeon.
             The game lasted 00:07:20 (1952 turns).

Crocosaw the Shield-Bearer (Vine Stalker Fighter)   Turns: 1952, Time: 00:07:21

Health: -1/20      AC:  7    Str: 19    XL:     3   Next: 97%
Magic:  0/4        EV:  7    Int:  8    God:    Nemelex Xobeh [*.....]
Gold:   98         SH:  9    Dex: 13    Spells: 1 memorised, 1 level left

rFire  . . .     SeeInvis .     a - +0 long sword
rCold  . . .     Gourm    .     b - +0 scale mail
rNeg   . . .     Faith    .     c - +0 shield
rPois  .         Spirit   +     (no helmet)
rElec  .         Reflect  .     h - +0 cloak
rCorr  .         Harm     .     (no gloves)
MR     .....                    (no boots)
Stlth  ..........               (no amulet)
                                (no ring)
                                (no ring)

@: no status effects
A: fangs 2, magic shield, antimagic bite, no device heal 3, rot immunity
a: Renounce Religion


You were on level 3 of the Dungeon.
You worshipped Nemelex Xobeh.
Nemelex Xobeh was aware of your devotion.
You were not hungry.

You visited 1 branch of the dungeon, and saw 3 of its levels.

You collected 98 gold pieces.

Inventory:

Hand Weapons
 a - a +0 long sword (weapon)
Armour
 b - a +0 scale mail (worn)
 c - a +0 shield (worn)
 h - a +0 cloak (worn)
Wands
 D - a wand of enslavement (9/24)
Scrolls
 e - a scroll of amnesia {unknown}
 g - a scroll of enchant armour {unknown}
 i - a scroll of fog {unknown}
 j - a scroll of fear {unknown}
 k - a scroll of random uselessness {unknown}
 n - 2 scrolls of remove curse {unknown}
 p - a scroll of enchant weapon {unknown}
 w - a scroll of magic mapping {unknown}
 y - 3 scrolls of recharging {unknown}
Potions
 d - a potion of might
 l - a potion of ambrosia {unknown}
 o - a potion of agility {unknown}
 r - a potion of berserk rage {unknown}
 s - 3 potions of curing {unknown}
 z - a potion of invisibility {unknown}
 B - 2 potions of flight {unknown}
Books
 A - a book of Changes

   Spells                             Type                      Level
   a - Beastly Appendage              Transmutation                1
   b - Sticks to Snakes               Transmutation                2
   c - Spider Form                    Transmutation/Poison         3
   d - Ice Form                       Ice/Transmutation            4
   e - Blade Hands                    Transmutation                5
Miscellaneous
 t - an ornate deck of escape {drawn: 3}
 u - a plain deck of destruction
 E - a plain deck of escape
Comestibles
 f - a bread ration
 m - a meat ration
 q - a royal jelly
 v - a slice of pizza
 C - a beef jerky


   Skills:
 + Level 3.1 Fighting
 + Level 2.3 Long Blades
 + Level 2.7 Armour
 + Level 3.2 Shields


You had one spell level left.
You knew the following spells:

 Your Spells              Type           Power        Failure   Level  Hunger
a - Beastly Appendage     Tmut           #.....       100%        1    ##.....


Dungeon Overview and Level Annotations

Branches:
Dungeon (3/15)

Altars:
Nemelex Xobeh
Yredelemnul

Annotations:
D:3 Brom's ghost, weakling SpCj


Innate Abilities, Weirdness & Mutations

You have extremely sharp teeth.
When hurt, damage is shared between your health and your magic reserves.
Your bite disrupts and absorbs the magic of your enemies.
Potions and wands cannot restore your health.
You are immune to rotting.


Message History

Brom's ghost points at you and mumbles some strange words.
The magic dart hits you!
Brom's ghost gestures at you while chanting.
The magic dart hits you!
* * * LOW HITPOINT WARNING * * *
Evoke which item? (* to show all) (? for menu, Esc to quit)
You draw a card...
It is the Tomb.
Walls emerge from the floor!
Brom's ghost gestures at you while chanting.
The magic dart hits you!
* * * LOW HITPOINT WARNING * * *
An ooze comes into view.
Casting: Beastly Appendage
Confirm with . or Enter, or press ? or * to list all spells.
Okay, then.
Evoke which item? (* to show all) (? for menu, Esc to quit)
You draw a card...
It is Velocity.
Nothing appears to happen.
The ooze quivers.
Brom's ghost hits you.
You die...
Your body glows slightly and disappears.

#...# #.# #.#.# #.#
####### #.#.### #.#
##.[...# #.....# #.#
#......# ####..#
#.####......# ####..#
#...........# ......##
#.####......# #####..# #.#
####...# ###.###.#
##@#...#
#.....#.#####W#...#
#รท##..#.#.........#
####.#...#.#......<..#
.....#...#.#...[.....#
.#...#.....#........J#..
.#######.................
.##..(..#.................
###.###.#.................


You could see Brom's ghost and an ooze.

Vanquished Creatures
  3 worms (D:2)
  2 dart slugs
  2 giant cockroaches
  6 goblins
  5 hobgoblins
  2 jackals (D:1)
  5 kobolds
  5 bats
  6 frilled lizards
  8 rats
44 creatures vanquished.

Notes
Turn   | Place    | Note
-------+----------+-------------------------------------------
     0 | D:1      | Crocosaw the Vine Stalker Fighter began the quest for the Orb.
     0 | D:1      | Reached XP level 1. HP: 11/11 MP: 2/2
   140 | D:1      | Found a basalt altar of Yredelemnul.
   146 | D:1      | Reached XP level 2. HP: 16/16 MP: 3/3
   809 | D:1      | Reached XP level 3. HP: 18/19 MP: 4/4
  1125 | D:2      | Found a faded altar of an unknown god.
  1139 | D:2      | Became a worshipper of Nemelex Xobeh the Trickster
  1139 | D:2      | Received a gift from Nemelex Xobeh
  1139 | D:2      | Reached * piety under Nemelex Xobeh
  1188 | D:2      | Received a gift from Nemelex Xobeh
  1727 | D:3      | Learned a level 1 spell: Beastly Appendage
  1787 | D:3      | Received a gift from Nemelex Xobeh
  1947 | D:3      | Noticed Brom's ghost (weakling SpCj)
  1951 | D:3      | HP: 1/20 [Brom's ghost/magic dart (3)]
  1952 | D:3      | Slain by Brom's ghost

Skill      XL: |  1  2  3 |
---------------+----------+-----
Shields        | 3 |  3.2
Long Blades    | 2 |  2.3
Fighting       | 3 |  3.1
Armour         | |  2.7

Action                   || total
-------------------------++-------
Melee: Long sword        ||   123
       Bite              ||    37
Evoke: Deck              ||     3
  Eat: Chunk             ||     3
Armor: Scale mail        ||    55
Dodge: Dodged            ||    38
Block: Shield            ||    65
       Rpst.: Long sword ||    10
